 Dungeon Crawl Stone Soup version 0.31-a0-202-g547052bce9 (webtiles) character file.

Game seed: 696259595361241407

55 qw the Shooter (level 3, 0/20 HPs)
             Began as a Deep Elf Hunter on June 26, 2023.
             Succumbed to their own poison gas
             ... on level 2 of the Dungeon.
             The game lasted 00:00:28 (1698 turns).

qw the Shooter (Deep Elf Hunter)                    Turns: 1698, Time: 00:00:29

Health: 0/20       AC:  6    Str: 10    XL:     3   Next: 67%
Magic:  5/5        EV: 11    Int: 13    God:
Gold:   83         SH:  0    Dex: 18    Spells: 2/2 levels left

rFire   . . .        Y - +0 shortbow
rCold   . . .        (shield currently unavailable)
rNeg    . . .        d - +0 ring mail
rPois   .            k - +0 helmet
rElec   .            (no cloak)
rCorr   .            (no gloves)
SInv    .            (no boots)
Will    .....        (no amulet)
Stlth   +            (no ring)
HPRegen 0.23/turn    (no ring)
MPRegen 0.09/turn

%: no passive effects
@: lethally poisoned (0 -> -2)
A: no striking features
a: no special abilities


You were on level 2 of the Dungeon.
You visited 1 branch of the dungeon, and saw 2 of its levels.

You collected 83 gold pieces.


   Skills:
 - Level 1.5 Fighting
 + Level 7.2 Ranged Weapons
 - Level 2.4 Dodging
 - Level 1.2 Stealth


You had 2 spell levels left.
You didn't know any spells.
Your spell library was empty.

Inventory:

Hand Weapons
 Y - a +0 shortbow (weapon)
Armour
 d - a +0 ring mail (worn)
 k - a +0 helmet (worn)
Potions
 b - a potion of resistance {unknown}
 c - a potion of ambrosia {unknown}
 f - a potion of heal wounds {unknown}
 h - a potion of attraction {unknown}
 j - a potion of mutation {unknown}

Dungeon Overview and Level Annotations

Branches:
Dungeon (2/15)

Altars:
Wu Jian


Message History

It is a scroll of amnesia.
You feel forgetful for a moment.
Done exploring.
1688 ||| DROPPING scroll of poison.
You drop a scroll of poison.
Done exploring.
1689 ||| DROPPING scroll of fog.
You drop a scroll of fog.
Done exploring.
(D) Dungeon
Where to? (* - list waypoints, Enter - D:2, ? - help)
What level of the Dungeon? (default 1, ? - help) Sorry, I don't know how to get there.
Enter note:
Enter note:
Enter note:
Enter note:
Enter note:
Enter note:
Enter note:
Enter note:
Enter note: Really walk into that cloud of poison gas?
You are engulfed in poison gas.
You are poisoned.
You feel very sick.
1691 ||| Stepping ~*~*~tactically~*~*~ (cloud).
You feel sick.
Things that are here:
a scroll of fog; a scroll of poison
There is a lethal amount of poison in your body!
You feel sick.
There is a lethal amount of poison in your body!
You feel sick.
There is a lethal amount of poison in your body!
You feel sick.
There is a lethal amount of poison in your body!
You feel sick.
There is a lethal amount of poison in your body!
You feel sick.
There is a lethal amount of poison in your body!
You feel sick.
There is a lethal amount of poison in your body!
You die...

#.#....# #.##.#.#
######### #.##.#.#
#00...0.#####'##)#..
#0¤000.0¤00....#(###
#.....00.0¤....#.#
#.0000.0.......#.###
#.00000¤.......#....
#¤.@.0.¤0.¤....#####
#¤0...0.###....#
######### #....#
###)###### #......#
######.# #.#
######## #.#
.......# #.#


There were no monsters in sight!

Vanquished Creatures
  A gnoll (D:1)
  2 worms (D:2)
  A dart slug (D:1)
  2 bats
  3 endoplasms
  2 giant cockroaches (D:2)
  4 goblins
  5 hobgoblins
  2 kobolds (D:1)
  A quokka (D:2)
  3 ball pythons (D:2)
  5 frilled lizards
  5 rats
36 creatures vanquished.

Notes
Turn   | Place    | Note
-------+----------+-------------------------------------------
     0 | D:1      | qw the Deep Elf Hunter began the quest for the Orb.
     0 | D:1      | Reached XP level 1. HP: 12/12 MP: 3/3
     0 | D:1      | 0 ||| qw: Version: 0.3-a-22-g0ed2b0b
     0 | D:1      | 0 ||| qw: Game counter: 6267
     0 | D:1      | 0 ||| qw: Melee chars always use a shield: true
     0 | D:1      | 0 ||| qw: God list: Okawaru
     0 | D:1      | 0 ||| qw: Allow faded altars: false
     0 | D:1      | 0 ||| qw: Do Orc after clearing Dungeon:15 true
     0 | D:1      | 0 ||| qw: Do second Lair branch before Depths: true
     0 | D:1      | 0 ||| qw: Lair rune preference: random
     0 | D:1      | 0 ||| qw: Goals: Normal
     0 | D:1      | 0 ||| PLANNING D:1-11
    37 | D:1      | 37 ||| DROPPING scroll of butterflies.
    48 | D:1      | 48 ||| FLEEEEING.
    49 | D:1      | 49 ||| FLEEEEING.
   118 | D:1      | Reached XP level 2. HP: 16/16 MP: 4/4
   119 | D:1      | Reached skill level 6 in Ranged Weapons
   605 | D:1      | 605 ||| UPGRADING to +0 ring mail.
   615 | D:1      | 615 ||| DROPPING +0 leather armour.
   616 | D:1      | 616 ||| READING scroll labelled SIYDOMNYBANE.
   868 | D:2      | Reached XP level 3. HP: 20/20 MP: 5/5
  1003 | D:2      | Found an ornate altar of the Wu Jian Council.
  1088 | D:2      | Reached skill level 7 in Ranged Weapons
  1679 | D:2      | 1679 ||| UPGRADING to +0 helmet.
  1684 | D:2      | 1684 ||| READING 2 scrolls labelled HUFRETW YCEE.
  1685 | D:2      | 1685 ||| READING 2 scrolls labelled ZAUSOED YRIWAO.
  1686 | D:2      | 1686 ||| READING scroll labelled ZAQOM TEEMUDYOGO.
  1687 | D:2      | 1687 ||| READING scroll labelled NETTAJ DYVOP.
  1688 | D:2      | 1688 ||| DROPPING scroll of poison.
  1689 | D:2      | 1689 ||| DROPPING scroll of fog.
  1691 | D:2      | 1691 ||| Stepping ~*~*~tactically~*~*~ (cloud).
  1692 | D:2      | HP: 5/20 [poisoned by you (poison gas)]
  1695 | D:2      | HP: 2/20 [poisoned by you (poison gas)]
  1698 | D:2      | Succumbed to their own poison gas

Levels and vault maps discovered:
D:1:      zelgadis_glass_arrival_large, layout_basic
D:2:      layout_basic, basic_altar

Skill      XL: |  1  2  3 |
---------------+----------+-----
Ranged Weapons | 6 7 |  7.2
Fighting       | |  1.5
Dodging        | |  2.4
Stealth        | |  1.2

Action                     || total
---------------------------++-------
   Fire: Shortbow          ||    95
    Use: Scroll            ||     5
 Armour: Leather armour    ||     1
         Ring mail         ||    11
  Dodge: Dodged            ||     6

Table legend:
 A = Non-vault XP
 B = Vault XP
 C = Vault XP percentage of total XP
 D = Non-vault monster count
 E = Vault monster count
 F = Vault count percentage of total count
                 A         B        C        D         E       F
            +---------+---------+-------+---------+---------+-------
      Total |      79 |       0 |   0.0 |      36 |       0 |   0.0
            +---------+---------+-------+---------+---------+-------
        D:1 |      38 |       0 |   0.0 |      16 |       0 |   0.0
        D:2 |      41 |       0 |   0.0 |      20 |       0 |   0.0
            +---------+---------+-------+---------+---------+-------
